 Dungeon Crawl Stone Soup version 0.23-a0-358-g98c7a59 (webtiles) character file.

166 BingusPrime the Skirmisher (level 5, -4/43 HPs)
             Began as a Barachi Fighter on Oct 22, 2018.
             Slain by Grinder (6 damage)
             ... on level 3 of the Dungeon.
             The game lasted 00:05:36 (2300 turns).

BingusPrime the Skirmisher (Barachi Fighter)        Turns: 2300, Time: 00:05:37

Health: -4/43      AC:  8    Str: 24    XL:     5   Next: 47%
Magic:  5/5        EV:  8    Int:  8    God:
Gold:   187        SH: 10    Dex: 11    Spells: 4/4 levels left

rFire    . . .     SeeInvis .   z - +8 club
rCold    . . .     Gourm    .   c - +0 shield
rNeg     . . .     Faith    .   b - +0 scale mail
rPois    .         Spirit   .   (no helmet)
rElec    .         Reflect  .   r - +0 cloak
rCorr    .         Harm     +   (no gloves)
MR       .....                  (no boots)
Stlth    +.........             B - amulet of harm
HPRegen  0.14/turn              o - ring of stealth
MPRegen  0.09/turn              (no ring)

@: mighty, slow
A: +LOS, swims, slowness 1, strong legs 1
a: Hop


You were on level 3 of the Dungeon.
You were hungry.

You visited 1 branch of the dungeon, and saw 3 of its levels.

You collected 187 gold pieces.

Inventory:

Hand Weapons
 a - a +0 trident
 z - a +8 club (weapon)
Missiles
 s - 5 tomahawks (quivered)
Armour
 b - a +0 scale mail (worn)
 c - a +0 shield (worn)
 r - a +0 cloak (worn)
Jewellery
 o - a ring of stealth (left hand)
 B - an amulet of harm (around neck)
Scrolls
 g - a scroll of immolation {unknown}
 h - 2 scrolls of teleportation {unknown}
 j - a scroll of enchant weapon {unknown}
 k - 2 scrolls of identify {unknown}
 l - 3 scrolls of magic mapping {unknown}
 u - a scroll of fog {unknown}
 w - a scroll of fear {unknown}
 y - 2 scrolls of remove curse {unknown}
Potions
 e - 2 potions of berserk rage {unknown}
 i - a potion of ambrosia {unknown}
 m - a potion of magic {unknown}
 n - a potion of degeneration {unknown}
 p - a potion of lignification {unknown}
 q - a potion of curing {unknown}
 t - a potion of resistance {unknown}
 v - a potion of cancellation {unknown}
 A - a potion of haste
Comestibles
 f - 4 rations


   Skills:
 + Level 4.6 Fighting
 + Level 3.2 Polearms
 + Level 4.4 Armour
 + Level 1.4 Dodging
 + Level 0.2 Stealth
 + Level 4.2 Shields


You had 4 spell levels left.
You didn't know any spells.
Your spell library was empty.

Dungeon Overview and Level Annotations

Branches:
Dungeon (3/15)

Altars:
Elyvilon

Annotations:
D:3 Grinder


Innate Abilities, Weirdness & Mutations

Shadows flee at your approach. (+LOS)
You can swim through water.
You cover ground slowly.
You can hop short distances.


Message History

Grinder is heavily wounded.
Grinder hits you but does no damage. Grinder gestures at you.
You suddenly lose the ability to move!
Grinder hits you but does no damage. Grinder completely misses you.
Grinder hits you but does no damage.
You can move again.
You barely miss Grinder.
Grinder is heavily wounded.
You block Grinder's attack.
You hit Grinder.
Grinder is severely wounded.
Grinder barely misses you.
You closely miss Grinder.
Grinder is severely wounded.
Grinder hits you!
* * * LOW HITPOINT WARNING * * *
You writhe in agony.
You die...

#... #.##
####.## #......
#########.#####
#.......#.# # #
#.#####.#.# #
##.####.# #...#
# #..5@...#
#.#.#####
##.####.#
#.#...... # #.#
#.##.#.#. #..
..##.#.#. ####
####...#.
#..##( ###
#.....
[....######.###
............##.


You could see Grinder.

Vanquished Creatures
  Jessica (D:3)
  Terence (D:2)
  3 adders (D:2)
  An ooze (D:3)
  4 worms
  A dart slug (D:2)
  3 leopard geckos
  6 orcs (D:3)
  3 giant cockroaches
  4 goblins
  3 hobgoblins
  3 jackals (D:3)
  2 ball pythons (D:2)
  9 bats
  6 frilled lizards
  10 kobolds
  9 rats
69 creatures vanquished.

Notes
Turn   | Place    | Note
-------+----------+-------------------------------------------
     0 | D:1      | BingusPrime the Barachi Fighter began the quest for the
                  | Orb.
     0 | D:1      | Reached XP level 1. HP: 18/18 MP: 1/1
   122 | D:1      | Reached XP level 2. HP: 25/25 MP: 2/2
   649 | D:2      | Reached XP level 3. HP: 30/30 MP: 3/3
   775 | D:2      | Reached skill level 1 in Dodging
  1049 | D:2      | Noticed Terence
  1065 | D:2      | Killed Terence
  1065 | D:2      | Reached XP level 4. HP: 36/37 MP: 4/4
  1769 | D:3      | Reached XP level 5. HP: 43/43 MP: 5/5
  1799 | D:3      | Found a white marble altar of Elyvilon.
  1936 | D:3      | Noticed Jessica
  1945 | D:3      | Killed Jessica
  2276 | D:3      | Noticed Grinder
  2277 | D:3      | Paralysed by Grinder for 6 turns
  2294 | D:3      | Paralysed by Grinder for 4 turns
  2300 | D:3      | HP: 2/43 [Grinder (8)]
  2300 | D:3      | Slain by Grinder

Vault maps used:
D:1:      lemuel_arrival_funnel, minivault_24, hangedman_abyss_or_decor_stabs
D:2:      uniq_terence
D:3:      lemuel_doored_altar, uniq_grinder, uniq_jessica

Skill      XL: |  1  2  3  4  5 |
---------------+----------------+-----
Armour         | 4 |  4.4
Fighting       | 4 |  4.6
Dodging        | 1 |  1.4
Polearms       | 3 |  3.2
Shields        | 4 |  4.2
Stealth        | |  0.2

Action                   |  1- 3 |  4- 6 || total
-------------------------+-------+-------++-------
Melee: Trident           |   117 |   119 ||   236
       Club              |       |    18 ||    18
  Use: Potion            |     1 |     1 ||     2
  Eat: Chunk             |       |     5 ||     5
Armor: Scale mail        |    34 |    42 ||    76
Dodge: Dodged            |    35 |    24 ||    59
Block: Shield            |    58 |    54 ||   112

Table legend:
 A = Non-vault XP
 B = Vault XP
 C = Vault XP percentage of total XP
 D = Non-vault monster count
 E = Vault monster count
 F = Vault count percentage of total count
                 A         B        C        D         E       F
            +---------+---------+-------+---------+---------+-------
      Total |     165 |      73 |  30.7 |      67 |       2 |   2.9
            +---------+---------+-------+---------+---------+-------
        D:1 |      32 |       0 |   0.0 |      22 |       0 |   0.0
        D:2 |      81 |      36 |  30.8 |      23 |       1 |   4.2
        D:3 |      52 |      37 |  41.6 |      22 |       1 |   4.3
            +---------+---------+-------+---------+---------+-------
